 Dungeon Crawl Stone Soup version 0.31.0-9-g3a7656b989 (webtiles) character file.

Game seed: 2974712812786315083

142 qw the Ducker (level 5, -1/26 HPs)
             Began as a Spriggan Hunter on Feb 2, 2024.
             Slain by a ribbon worm (6 damage)
             ... on level 2 of the Dungeon.
             The game lasted 00:00:05 (1008 turns).

qw the Ducker (Spriggan Hunter)                     Turns: 1008, Time: 00:00:05

Health: -1/26      AC:  2    Str:  7    XL:     5   Next: 4%
Magic:  6/6        EV: 20    Int: 11    God:
Gold:   100        SH:  0    Dex: 20    Spells: 4/4 levels left

rFire   . . .        a - +0 shortbow
rCold   . . .        (shield currently unavailable)
rNeg    . . .        c - +0 robe
rPois   .            (helmet restricted)
rElec   .            (no cloak)
rCorr   .            (gloves unavailable)
SInv    +            (boots unavailable)
Will    .....        (no amulet)
Stlth   ++           (no ring)
HPRegen 0.24/turn    (no ring)
MPRegen 0.10/turn

%: no passive effects
@: about to teleport, very quick
A: very small, no large weapons, unfitting armour, see invisible, speed 3
a: no special abilities


You were on level 2 of the Dungeon.
You visited 1 branch of the dungeon, and saw 2 of its levels.

You collected 100 gold pieces.


Innate Abilities, Weirdness & Mutations

You are very small and have problems with some larger weapons.
You are too small for most types of armour.
You have supernaturally acute eyesight. (SInv)
You cover ground extremely quickly. (Speed+++)


   Skills:
 - Level 2.0 Fighting
 + Level 5.1 Ranged Weapons
 - Level 5.2 Dodging
 - Level 1.5 Stealth


You had 4 spell levels left.
You didn't know any spells.
Your spell library was empty.

Inventory:

Hand Weapons
 a - a +0 shortbow (weapon)
Armour
 c - a +0 robe (worn)
Scrolls
 e - a scroll of enchant armour {unknown}
Potions
 b - a potion of haste {unknown}
 f - a potion of magic {unknown}
 g - a potion of curing
 h - a potion of mutation {unknown}

Dungeon Overview and Level Annotations

Branches:
Dungeon (2/15)

Altars:


Message History

The stream of webbing misses you.
You shoot an arrow.
The arrow completely misses the ribbon worm.
You shoot an arrow. The arrow hits the ribbon worm!
The ribbon worm is heavily wounded.
You shoot an arrow. The arrow hits the ribbon worm.
The ribbon worm is heavily wounded.
The ribbon worm bites you.
You shoot an arrow. The arrow hits the ribbon worm.
The ribbon worm is heavily wounded.
The ribbon worm bites you.
You shoot an arrow. The arrow hits the ribbon worm.
The ribbon worm is almost dead.
The ribbon worm completely misses you.
You shoot an arrow.
The arrow barely misses the ribbon worm.
The ribbon worm misses you.
You shoot an arrow.
The arrow hits the ribbon worm but does no damage.
The ribbon worm is severely wounded.
The ribbon worm expels a string of sticky webbing.
The stream of webbing hits you but does no damage.
You are caught in a web!
You struggle to detach yourself from the web.
The ribbon worm barely misses you.
The web tears apart.
The ribbon worm bites you!
You shoot an arrow.
The arrow barely misses the ribbon worm.
You shoot an arrow. The arrow hits the ribbon worm.
The ribbon worm is almost dead.
The ribbon worm barely misses you.
You shoot an arrow.
The arrow barely misses the ribbon worm.
The ribbon worm bites you!
1008 ||| READING scroll of teleportation.
As you read the scroll of teleportation, it crumbles to dust.
You feel strangely unstable. The ribbon worm bites you.
You die...

..##)#####..>#.####.##.....#.## .
#.####..###......##.....#..###
.###....#.## #.#.####..###..#....
........#.####.#..#.######..####.
........>......#.#%....#.#...# #.
...#.).........######.#..#.#.###.
...#...........#..#.####)#.......
.........#####.#.#..)..#.#.......
...##....### #.#@####.#..#.......
...##......###.#.w# ######.......
...##...##.....#.#.. . #.......
...##...######.###### #. #.......
.######## #.#########.#....... .#
#####........#..>....... .#####
##..%..######...#.......% .....#
#..##### #......<..< .....# ##.##
#######....


You could see a ribbon worm.

Vanquished Creatures
  Jessica (D:2)
  4 gnolls (D:2)
  3 adders (D:2)
  2 dart slugs
  2 ribbon worms (D:2)
  4 endoplasms
  A giant cockroach (D:2)
  6 goblins
  6 hobgoblins
  A quokka (D:2)
  3 ball pythons
  3 bats (D:2)
  3 frilled lizards
  5 kobolds
  3 rats
47 creatures vanquished.

Notes
Turn   | Place    | Note
-------+----------+-------------------------------------------
     0 | D:1      | qw the Spriggan Hunter began the quest for the Orb.
     0 | D:1      | Reached XP level 1. HP: 10/10 MP: 2/2
     0 | D:1      | 0 ||| qw: Version: 0.3-a-155-g5e7d8dd
     0 | D:1      | 0 ||| qw: Game counter: 1142
     0 | D:1      | 0 ||| qw: Melee chars always use a shield: true
     0 | D:1      | 0 ||| qw: God list: Okawaru
     0 | D:1      | 0 ||| qw: Allow faded altars: false
     0 | D:1      | 0 ||| qw: Do Orc after clearing Dungeon:15 true
     0 | D:1      | 0 ||| qw: Do second Lair branch before Depths: true
     0 | D:1      | 0 ||| qw: Lair rune preference: random
     0 | D:1      | 0 ||| qw: Goals: Normal
     0 | D:1      | 0 ||| PLANNING D:1-11
    34 | D:1      | Reached skill level 3 in Dodging
   163 | D:1      | Reached XP level 2. HP: 14/14 MP: 3/3
   280 | D:1      | Found a faded altar of an unknown god.
   529 | D:1      | 529 ||| READING scroll labelled RITRAIMATI.
   530 | D:1      | 530 ||| READING scroll labelled CIAKHE MUNAD.
   535 | D:1      | 535 ||| READING scroll labelled UNAC OFFOHEE.
   561 | D:1      | 561 ||| READING scroll labelled QUXISS QEPPUO.
   561 | D:1      | 561 ||| IDENTIFYING sapphire potion
   562 | D:1      | 562 ||| READING scroll labelled DESUAC IXEDATZ.
   563 | D:1      | 563 ||| DROPPING scroll of butterflies.
   593 | D:2      | 593 ||| STAIRDANCE
   676 | D:2      | Reached XP level 3. HP: 18/18 MP: 4/4
   748 | D:2      | Reached XP level 4. HP: 22/22 MP: 5/5
   753 | D:2      | Noticed Jessica
   757 | D:2      | Killed Jessica
   939 | D:2      | Reached XP level 5. HP: 26/26 MP: 6/6
  1007 | D:2      | HP: 5/26 [ribbon worm (7)]
  1008 | D:2      | 1008 ||| READING scroll of teleportation.
  1008 | D:2      | Slain by a ribbon worm

Levels and vault maps discovered:
D:1:      spicycebolla_arrival_clurvy, layout_loops_cross,
          hellmonk_ecumenical_altar_heavens_door, chequers_serial_rivers_micro_d
D:2:      minmay_angry_zag, layout_rooms, uniq_crazy_yiuf_cottage, uniq_jessica

Skill      XL: |  1  2  3  4 |
---------------+-------------+-----
Dodging        | 3 4 5 |  5.2
Ranged Weapons | 5 |  5.1
Fighting       | 2 |  2.0
Stealth        | |  1.5

Action                     |  1- 3 |  4- 6 || total
---------------------------+-------+-------++-------
   Fire: Shortbow          |    81 |    64 ||   145
    Use: Scroll            |     5 |     1 ||     6
 Armour: Robe              |     4 |     8 ||    12
  Dodge: Dodged            |    21 |    18 ||    39

Table legend:
 A = Non-vault XP
 B = Vault XP
 C = Vault XP percentage of total XP
 D = Non-vault monster count
 E = Vault monster count
 F = Vault count percentage of total count
                 A         B        C        D         E       F
            +---------+---------+-------+---------+---------+-------
      Total |     159 |      45 |  22.1 |      42 |       5 |  10.6
            +---------+---------+-------+---------+---------+-------
        D:1 |      30 |       0 |   0.0 |      17 |       0 |   0.0
        D:2 |     129 |      45 |  25.9 |      25 |       5 |  16.7
            +---------+---------+-------+---------+---------+-------
